 Dungeon Crawl Stone Soup version 0.27.1-1-g398f81649c (webtiles) character file.

Game seed: 972408649998043471

82051 Rickety the Unseen (level 15, -5/74 HPs)
             Began as a Spriggan Enchanter on Sept 14, 2021.
             Was the Champion of Dithmenos.
             Slain by a boulder beetle (59 damage)
             ... on level 13 of the Dungeon.
             The game lasted 02:04:36 (34192 turns).

Rickety the Unseen (Spriggan Enchanter)            Turns: 34192, Time: 02:04:36

Health: -5/74      AC:  7    Str:  4    XL:     15   Next: 28%
Magic:  32/33      EV: 26    Int: 18    God:    Dithmenos [******]
Gold:   1780       SH:  0    Dex: 21    Spells: 29/41 levels left

rFire    . . .     SeeInvis +   a - +2 dagger (elec)
rCold    . . .     Faith    .   (shield restricted)
rNeg     . . .     Spirit   .   B - +0 steam dragon scales
rPois    .         Reflect  .   (helmet restricted)
rElec    .         Harm     .   v - +1 cloak
rCorr    .         Rampage  .   (gloves unavailable)
Will     +++..                  (boots unavailable) Stlth *****+++++
                                D - amulet of magic regeneration
HPRegen  0.22/turn              I - +4 ring of slaying
MPRegen  0.48/turn              Q - ring of willpower

@: wreathed by umbra, very quick
A: very small, no large weapons, unfitting armour, see invisible, speed 3
a: Renounce Religion, Shadow Step, Shadow Form


You were on level 13 of the Dungeon.
You worshipped Dithmenos.
Dithmenos was exalted by your worship.
You visited 5 branches of the dungeon, and saw 23 of its levels.
You visited the Abyss 1 time.
You also visited: Ossuary, Bailey and Gauntlet.

You collected 1780 gold pieces.

Inventory:

Hand Weapons
 a - a +2 dagger of electrocution (weapon)
 b - a +2 short sword of venom
 e - a +0 dagger of freezing
 f - the +9 scimitar of Hugymeus {flame, rElec Dex+3}
   (You found it on level 12 of the Dungeon)

   It burns those it strikes, dealing additional fire damage.
   Big, fiery blades are also staple armaments of hydra-hunters.
   Dex:       It affects your dexterity (+3).
   rElec:     It insulates you from electricity.
Missiles
 d - 77 poisoned darts (quivered)
 z - 5 datura-tipped darts
 O - 3 atropa-tipped darts
 X - 10 curare-tipped darts
Armour
 c - a +0 troll leather armour
 j - a +2 robe of willpower
 r - a +2 buckler of protection
 v - a +1 cloak (worn)
 B - +0 steam dragon scales (worn)
Jewellery
 s - the ring "Olixaif" {Wiz rPois rN+ Int+3}
   (You found it on level 12 of the Dungeon)

   [ring of wizardry]

   It improves your spell success rate.
   Int:       It affects your intelligence (+3).
   rPois:     It protects you from poison.
   rN:        It protects you from negative energy.
 u - a ring of resist corrosion
 D - an amulet of magic regeneration (around neck)
 I - a +4 ring of slaying (left hand)
 Q - a ring of willpower (right hand)
Wands
 i - a wand of paralysis (4)
 E - a wand of iceblast (17)
 F - a wand of mindburst (32)
 G - a wand of flame (64)
 J - a wand of polymorph (27)
 P - a wand of digging (6)
Scrolls
 k - 9 scrolls of teleportation
 n - 6 scrolls of identify
 y - 3 scrolls of fear
 S - 6 scrolls of magic mapping
 V - 2 scrolls of fog
 Z - a scroll of blinking
Potions
 h - 2 potions of flight
 p - 5 potions of brilliance
 q - 9 potions of curing
 t - 5 potions of haste
 w - 6 potions of lignification
 x - 6 potions of ambrosia
 A - 2 potions of berserk rage
 C - a potion of cancellation {unknown}
 M - a potion of experience {unknown}
 T - 6 potions of might
Miscellaneous
 g - a tin of tremorstones (2/2)
 l - a phantom mirror
 R - a phial of floods
 U - a tin of tremorstones (2/2)


   Skills:
 * Level 6.5 Fighting
 * Level 9.2 Short Blades
 + Level 0.4(4.3) Long Blades
 - Level 3.0 Throwing
 * Level 3.6 Armour
 * Level 10.7 Dodging
 * Level 20.8 Stealth
 * Level 3.6 Shields
 * Level 13.6 Spellcasting
 - Level 2.0 Conjurations
 * Level 12.9 Hexes
 - Level 2.0 Ice Magic
 - Level 2.0 Air Magic
 * Level 1.9 Invocations
 * Level 7.7 Evocations


You had 29 spell levels left.
You knew the following spells:

 Your Spells              Type           Power      Damage    Failure   Level
a - Corona                Hex            62%        N/A       1%          1
b - Ensorcelled Hibernat  Hex/Ice        78%        N/A       1%          2
c - Confusing Touch       Hex            56%        N/A       1%          3
d - Dazzling Flash        Conj/Hex       78%        N/A       1%          3
t - Tukima's Dance        Hex            56%        N/A       1%          3

Your spell library contained the following spells:

 Spells                   Type           Power      Damage    Failure   Level
 Slow                     Hex            56%        N/A       1%          2
 Summon Guardian Golem    Hex/Summ       35%        N/A       1%          3
 Shock                    Conj/Air       76%        1d7       2%          1
 Static Discharge         Conj/Air       19%        N/A       3%          2
 Animate Skeleton         Necr           24%        N/A       5%          1
 Apportation              Tloc           24%        N/A       5%          1
 Summon Small Mammal      Summ           48%        N/A       5%          1
 Corpse Rot               Necr/Air       N/A        N/A       5%          2
 Poisonous Vapours        Pois/Air       30%        N/A       5%          2
 Swiftness                Air            19%        N/A       7%          3
 Metabolic Englaciation   Hex/Ice        19%        N/A       7%          5
 Silence                  Hex/Air        19%        N/A       7%          5
 Stone Arrow              Conj/Erth      30%        3d8       11%         3
 Yara's Violent Unravell  Hex/Tmut       17%        3d8       11%         5
 Call Canine Familiar     Summ           12%        N/A       16%         3
 Airstrike                Air            9%         N/A       24%         4
 Sticky Flame             Conj/Fire      15%        2d4       34%         4
 Animate Armour           Summ/Erth      24%        N/A       47%         4
 Animate Dead             Necr           6%         N/A       47%         4
 Dispel Undead            Necr           12%        3d9       47%         4
 Passage of Golubria      Tloc           N/A        N/A       47%         4
 Petrify                  Tmut/Erth      12%        N/A       47%         4
 Freezing Cloud           Conj/Ice/Air   9%         6-21      54%         5
 Iskenderun's Battlesphe  Conj           19%        2d7       54%         5
 Fireball                 Conj/Fire      7%         3d5       69%         5
 Borgnjor's Vile Clutch   Necr/Erth      6%         N/A       83%         5
 Discord                  Hex            28%        N/A       88%         8
 Conjure Ball Lightning   Conj/Air       9%         3x3d6     98%         6
 Death Channel            Necr           6%         N/A       100%        6
 Statue Form              Tmut/Erth      8%         N/A       100%        6
 Orb of Destruction       Conj           9%         9d4       100%        7
 Disjunction              Tloc           6%         N/A       100%        8
 Lehudib's Crystal Spear  Conj/Erth      7%         10d3      100%        8
 Chain Lightning          Conj/Air       9%         3d12      100%        9
 Fire Storm               Conj/Fire      7%         8d2       100%        9


Dungeon Overview and Level Annotations

Branches:
Dungeon (13/15)            Temple (1/1) D:6            Lair (6/6) D:8
 Shoals (0/4) Lair:4        Snake (0/4) Lair:3        Slime (1/5) Lair:5
    Orc (2/2) D:12            Elf (0/3) Orc:2       Ossuary (visited)
 Bailey (visited)         Gauntlet (visited)
 Vaults: D:13-14

Altars:
Ashenzari
Cheibriados
Dithmenos
Elyvilon
Fedhas
Gozag
Hepliaklqana
Kikubaaqudgha
Makhleb
Nemelex Xobeh
Okawaru
Qazlal
Ru
Sif Muna
Trog
Uskayaw
Vehumet
Wu Jian
Xom
Yredelemnul
Zin
The Shining One

Shops:
D:1 ?   D:6 ?   D:12 *

Portals:
Trove: D:11 (give horn of Geryon)

Annotations:
Lair:2 exclusion: oklob plant
Lair:3 1 runed translucent door, ZARRMARR's ghost, journeyman OpCj


Innate Abilities, Weirdness & Mutations

You are very small and have problems with some larger weapons.
You are too small for most types of armour.
You have supernaturally acute eyesight. (SInv)
You cover ground extremely quickly. (Speed+++)


Message History

Press: ? - help, Shift-Dir - straight line, f - you
Okay, then.
Casting: Tukima's Dance (safe; 1% risk of failure)
Confirm with . or Enter, or press ? or * to list all spells.
You can't see any susceptible monsters within range! (Use Z to cast anyway.) Unknown command.
Casting: Tukima's Dance (safe; 1% risk of failure)
Confirm with . or Enter, or press ? or * to list all spells.
You can't see any susceptible monsters within range! (Use Z to cast anyway.) Unknown command.
Casting: Tukima's Dance (safe; 1% risk of failure)
Confirm with . or Enter, or press ? or * to list all spells.
Casting: Dazzling Flash (safe; 1% risk of failure)
Confirm with . or Enter, or press ? or * to list all spells.
The white ugly thing misses you.
Casting: Dazzling Flash (safe; 1% risk of failure)
Confirm with . or Enter, or press ? or * to list all spells.
The white ugly thing is dazzled.
Unknown command.
You hit the white ugly thing.
Lightning courses through the white ugly thing!!
The white ugly thing is severely wounded.
You catch the helpless white ugly thing completely off-guard!
You spit the white ugly thing like a pig!!!
You kill the white ugly thing!
Dithmenos accepts your kill.
You start resting.
Magic restored.
You start resting.
A boulder beetle is nearby!
Casting: Dazzling Flash (safe; 1% risk of failure)
Confirm with . or Enter, or press ? or * to list all spells.
Aiming: Ensorcelled Hibernation (safe; 1% risk of failure)
Press: ? - help, Shift-Dir - straight line, f - boulder beetle
Aim: a boulder beetle (wandering, hasn't noticed you, umbra, chance to affect: 50%)
The boulder beetle resists with some effort.
The boulder beetle curls into a ball and begins rolling!
The boulder beetle hits you!!!
Ouch! That really hurt!
You die...

.....###)#..)...####.##### ##.#
...................).# #..#
####.)##.†........#..# #.##
#####.##.............### #.#
...................#...#######.##
......##.........................
......###.............########.##
......##†........[....# #.##
......##.....)..@.∩...# #.#
................B.....#* #.#
.....?##.....).○.......#* #.#
......*####...°.........#****#.#
,,$.,,##**#..°............,,,#.#
,,#*,,u..##..°<............,,#.#
*,,,,**#.....°.###.........,,#.#
**,,** ####....##.....########.##
**,,,* #........>...# #........


You could see a boulder beetle (rolling).

Vanquished Creatures
  An azure jelly (Slime:1)
  Snorg (Lair:4)
  A fire dragon (Lair:6)
  4 boulder beetles
  8 hydras
  A centaur warrior (D:12)
  4 two-headed ogres
  A death knight (D:11)
  2 catoblepae (Lair:5)
  11 death yaks
  An orc high priest (Orc:1)
  Sonja (Lair:3)
  Nergalle (D:10)
  A skeletal warrior (D:11)
  A swamp dragon (Lair:6)
  2 deep elf pyromancers (D:12)
  An orc knight (Bailey)
  2 wolf spiders (D:12)
  An orc sorcerer (Orc:1)
  3 ugly things
  2 cyclopes (D:12)
  13 elephants
  A gargoyle (D:12)
  11 black mambas
  12 cane toads
  4 unseen horrors
  4 rime drakes
  11 komodo dragons
  3 kobold demonologists (D:11)
  A freezing wraith (D:11)
  A guardian mummy (D:11)
  A queen bee (Lair:3)
  4 trolls
  3 meliai (D:13)
  A hornet (D:9)
  11 polar bears
  2 raiju (Lair:6)
  Grinder (D:5)
  18 dream sheep
  8 blink frogs
  4 wyverns
  Sigmund (D:5)
  A vampire (D:13)
  3 shadows
  Eustachio (D:4)
  6 wraiths
  4 steam dragons
  31 yaks
  5 basilisks
  3 vampire mosquitoes (D:12)
  7 wargs
  4 acid dragons
  Edmund (D:4)
  20 water moccasins
  15 hell hounds (Lair:6)
  Duvessa (D:7)
  13 black bears
  5 swamp drakes
  2 sky beasts
  6 orc warriors
  2 necrophages (D:6)
  6 ogres
  25 wolves
  19 centaurs
  Blork the orc (D:5)
  3 kobold brigands
  4 elf zombies (Ossuary)
  A wyvern zombie (D:7)
  12 bullfrogs
  Dowan (D:7)
  4 scorpions
  25 killer bees
  7 wights (D:9)
  An electric eel (Lair:5)
  3 howler monkeys
  A crimson imp (D:4)
  A bullfrog zombie (D:6)
  2 centaur skeletons
  6 orc priests
  A hound (D:5)
  2 human zombies (Ossuary)
  A jelly (D:7)
  3 centaur zombies
  2 gnoll shamans (D:7)
  Crazy Yiuf (D:2)
  2 bullfrog skeletons (D:5)
  5 iguanas
  12 orc wizards
  A killer bee zombie (D:7)
  2 human simulacra (D:10)
  2 hound skeletons
  2 mummies (Ossuary)
  7 gnolls
  A howler monkey skeleton (D:7)
  7 adders
  2 shadow imps
  A white imp (D:4)
  2 ufetubi
  An adder zombie (Ossuary)
  3 worms (D:3)
  5 dart slugs
  43 orcs
  A ball python (D:2)
  7 endoplasms
  2 giant cockroaches (D:1)
  11 goblins
  9 hobgoblins
  16 kobolds
  4 quokkas
  6 bats
  A frilled lizard (D:1)
  A goblin zombie (Ossuary)
  7 hobgoblin zombies (Ossuary)
  10 kobold zombies (Ossuary)
  10 orc zombies (Ossuary)
  4 rats
  A rat zombie (Ossuary)
615 creatures vanquished.

Vanquished Creatures (collateral kills)
  A deep elf archer (D:12)
  A troll (Orc:2)
  A warg (Orc:1)
  13 orc warriors
  2 centaurs
  A gnoll sergeant (D:7)
  2 wights (D:9)
  An orc priest (Orc:1)
  An orc wizard (D:12)
  Robin (D:4)
  2 gnolls (D:7)
  16 orcs
  3 goblins (D:10)
45 creatures vanquished.

Vanquished Creatures (others)
  16 dancing weapons
  An iguana (Lair:6)
  An orc (Orc:2)
  44 fungi
  69 plants
131 creatures vanquished.

Grand Total: 791 creatures vanquished

Notes
Turn   | Place    | Note
-------+----------+-------------------------------------------
     0 | D:1      | Rickety the Spriggan Enchanter began the quest for the Orb.
     0 | D:1      | Reached XP level 1. HP: 9/9 MP: 5/5
   295 | D:1      | Found Luusm's Magic Scroll Emporium.
   297 | D:1      | Reached XP level 2. HP: 13/13 MP: 6/6
   316 | D:1      | Learned a level 2 spell: Ensorcelled Hibernation
   538 | D:1      | Reached skill level 5 in Stealth
   837 | D:1      | Reached XP level 3. HP: 16/16 MP: 5/8
   841 | D:1      | Learned a level 3 spell: Confusing Touch
  1662 | D:2      | Reached skill level 6 in Stealth
  1662 | D:2      | Reached XP level 4. HP: 21/21 MP: 6/9
  1666 | D:2      | Learned a level 3 spell: Tukima's Dance
  2046 | D:2      | Reached skill level 7 in Stealth
  2376 | D:2      | Found a runed translucent door.
  2377 | D:2      | Noticed Crazy Yiuf
  2621 | D:2      | Killed Crazy Yiuf
  2622 | D:2      | Reached XP level 5. HP: 24/24 MP: 7/10
  3746 | D:4      | Reached skill level 8 in Stealth
  3992 | D:4      | Noticed Eustachio
  3994 | D:4      | Noticed an ogre
  4008 | D:4      | Killed Eustachio
  4009 | D:4      | Reached skill level 9 in Stealth
  4009 | D:4      | Reached XP level 6. HP: 28/28 MP: 9/12
  4103 | D:4      | Learned a level 3 spell: Dazzling Flash
  4125 | D:4      | Noticed Edmund
  4132 | D:4      | Killed Edmund
  4133 | D:4      | Reached skill level 10 in Stealth
  4133 | D:4      | Reached skill level 5 in Hexes
  4133 | D:4      | Reached XP level 7. HP: 32/32 MP: 13/13
  4164 | D:4      | Noticed Robin
  4843 | D:4      | Killed Robin
  5058 | D:5      | Entered Level 5 of the Dungeon
  5080 | D:5      | Noticed Blork the orc
  5081 | D:5      | Killed Blork the orc
  5082 | D:5      | Reached skill level 1 in Ice Magic
  5220 | D:5      | Reached skill level 5 in Spellcasting
  5277 | D:5      | Noticed Grinder
  5283 | D:5      | Killed Grinder
  5284 | D:5      | Reached skill level 11 in Stealth
  5284 | D:5      | Reached XP level 8. HP: 36/36 MP: 15/17
  5520 | D:5      | Noticed Sigmund
  5524 | D:5      | Killed Sigmund
  5644 | D:5      | Reached skill level 1 in Throwing
  6283 | D:6      | Reached skill level 1 in Conjurations
  6367 | D:6      | Reached skill level 1 in Fighting
  6367 | D:6      | Reached skill level 12 in Stealth
  6734 | D:6      | Reached XP level 9. HP: 41/41 MP: 19/19
  6743 | D:6      | Found a staircase to the Ecumenical Temple.
  6778 | Temple   | Entered the Ecumenical Temple
  6784 | Temple   | Became a worshipper of Dithmenos the Shadowed
  7028 | D:6      | Found Ockeirph's Magic Scroll Shop.
  7727 | D:7      | Noticed Duvessa
  7731 | D:7      | Noticed Dowan
  7743 | D:7      | Killed Duvessa
  7753 | D:7      | Killed Dowan
  8440 | D:7      | Reached skill level 13 in Stealth
  8495 | D:7      | Reached skill level 5 in Dodging
  8565 | D:7      | Reached * piety under Dithmenos
  8897 | D:8      | Found a staircase to the Lair.
  8966 | D:8      | Identified a scroll of acquirement
  8966 | D:8      | Acquired a scarf of shadows
  9061 | D:8      | Found a sand-covered staircase.
  9070 | Ossuary  | Entered an ossuary
  9358 | Ossuary  | Reached ** piety under Dithmenos
  9420 | Ossuary  | Reached XP level 10. HP: 37/47 MP: 20/22
 10155 | Lair:1   | Entered Level 1 of the Lair of Beasts
 10163 | Lair:1   | Learned a level 3 spell: Swiftness
 10311 | Lair:1   | Noticed a black mamba
 10316 | Lair:1   | Killed a black mamba
 10442 | Lair:1   | Reached skill level 14 in Stealth
 10442 | Lair:1   | Reached skill level 1 in Air Magic
 10949 | Lair:2   | Reached *** piety under Dithmenos
 11074 | Lair:2   | Noticed a cane toad
 11080 | Lair:2   | Killed a cane toad
 11201 | Lair:2   | Noticed a death yak
 11201 | Lair:2   | Noticed a death yak
 11202 | Lair:2   | Noticed a death yak
 11203 | Lair:2   | Noticed a death yak
 11204 | Lair:2   | Noticed a death yak
 11209 | Lair:2   | Noticed a death yak
 11529 | Lair:2   | Noticed an oklob plant
 12108 | D:9      | Reached skill level 5 in Short Blades
 12158 | D:9      | Reached skill level 15 in Stealth
 12444 | D:9      | Noticed a two-headed ogre
 12488 | D:9      | Killed a two-headed ogre
 12489 | D:9      | Reached XP level 11. HP: 52/52 MP: 21/25
 13088 | D:10     | Entered Level 10 of the Dungeon
 13131 | D:10     | Found a flagged portal.
 13151 | Bailey   | Entered a bailey
 13169 | Bailey   | Reached **** piety under Dithmenos
 13343 | Bailey   | Noticed an orc knight
 13395 | Bailey   | Killed an orc knight
 14607 | D:10     | Noticed Nergalle
 14610 | D:10     | Killed Nergalle
 14611 | D:10     | Reached skill level 10 in Spellcasting
 14826 | D:10     | Found a blossoming altar of Fedhas.
 15269 | D:11     | Noticed a cyan ugly thing
 15273 | D:11     | Noticed a five-headed hydra
 15275 | D:11     | Killed a cyan ugly thing
 15276 | D:11     | Noticed an eight-headed hydra
 15336 | D:11     | Killed a one-headed hydra
 15337 | D:11     | Reached skill level 16 in Stealth
 15466 | D:11     | Identified the -6 cloak of True Grit {rC+}
 15507 | D:11     | Killed an eight-headed hydra
 15593 | D:11     | Reached skill level 10 in Hexes
 15600 | D:11     | Noticed a two-headed ogre
 15607 | D:11     | Killed a two-headed ogre
 15608 | D:11     | Reached skill level 1 in Evocations
 15608 | D:11     | Reached XP level 12. HP: 58/58 MP: 27/27
 15692 | D:11     | Reached ***** piety under Dithmenos
 15905 | D:11     | Found a portal to a secret trove of treasure.
 16107 | D:11     | Noticed a death knight
 16328 | D:11     | Killed a death knight
 16329 | D:11     | Reached skill level 17 in Stealth
 16333 | D:11     | HP: 1/58 [skeletal warrior[a death knight] (20)]
 16851 | D:12     | Noticed an eight-headed hydra
 16852 | D:12     | Killed an eight-headed hydra
 17078 | D:12     | Noticed a boulder beetle
 17089 | D:12     | Killed a boulder beetle
 17530 | D:12     | Found Jeer's Blood Bar.
 17615 | D:12     | Noticed a two-headed ogre
 17619 | D:12     | Noticed a two-headed ogre
 18028 | D:12     | Found a staircase to the Orcish Mines.
 18068 | D:12     | Identified the ring "Olixaif" {Wiz rPois rN+ Int+3}
 18121 | D:12     | Identified the +12 arbalest of Bonni {penet, rC+ rN+}
 18134 | D:12     | Identified the +9 scimitar of Hugymeus {flame, rElec Dex+3}
 18526 | D:12     | Killed a two-headed ogre
 18616 | D:12     | Killed a two-headed ogre
 19066 | D:13     | Reached skill level 18 in Stealth
 19071 | D:13     | Reached XP level 13. HP: 39/63 MP: 24/29
 19077 | D:13     | Found a gate leading to a gauntlet.
 19090 | D:13     | Reached skill level 5 in Fighting
 19090 | D:13     | Reached skill level 1 in Armour
 19095 | Gauntlet | Entered a Gauntlet
 19095 | Gauntlet | Found a transporter.
 19114 | Gauntlet | Noticed a dire elephant
 19199 | Gauntlet | Found a transporter.
 19203 | Gauntlet | Found a transporter.
 19206 | Gauntlet | Found a transporter.
 19207 | Gauntlet | Found a transporter.
 19209 | Gauntlet | Found a transporter.
 19215 | Gauntlet | Found a transporter.
 19536 | D:13     | HP: 1/63 [acid (14)]
 20388 | Lair:3   | Reached skill level 1 in Shields
 20439 | Lair:3   | Noticed Sonja
 20573 | Lair:3   | Found a staircase to the Snake Pit.
 20689 | Lair:3   | Cast into level 1 of the Abyss (Sonja)
 20689 | Abyss:1  | Found a corrupted altar of Lugonu.
 20817 | Abyss:2  | Noticed a lich
 20842 | Lair:3   | Escaped the Abyss
 20856 | Lair:3   | Killed Sonja
 21144 | Lair:3   | Reached ****** piety under Dithmenos
 21201 | Lair:3   | Noticed ZARRMARR's ghost (journeyman OpCj)
 21208 | Lair:3   | Reached skill level 5 in Evocations
 21219 | Lair:3   | Found a runed translucent door.
 23620 | Lair:3   | Reached skill level 19 in Stealth
 24147 | Lair:4   | Found a staircase to the Shoals.
 24530 | Lair:4   | Noticed Snorg
 24537 | Lair:4   | Killed Snorg
 24538 | Lair:4   | Reached XP level 14. HP: 69/69 MP: 31/31
 26284 | Lair:5   | Reached skill level 10 in Dodging
 26468 | Lair:5   | Found a staircase to the Slime Pits.
 27426 | Lair:6   | Entered Level 6 of the Lair of Beasts
 27480 | Slime:1  | Entered Level 1 of the Pits of Slime
 27480 | Slime:1  | Noticed an azure jelly
 27482 | Slime:1  | Killed an azure jelly
 27483 | Slime:1  | Reached skill level 20 in Stealth
 30349 | Lair:6   | Reached skill level 1 in Invocations
 30626 | Lair:6   | Reached XP level 15. HP: 74/74 MP: 33/33
 30754 | Lair:6   | Identified the +6 quarterstaff of Doom {drain, rCorr MP-9
                  | Int+4}
 32385 | Orc:1    | Entered Level 1 of the Orcish Mines
 32781 | Orc:2    | Entered Level 2 of the Orcish Mines
 32788 | Orc:2    | Found a staircase to the Elven Halls.
 34192 | D:13     | Slain by a boulder beetle

Illustrated notes

Levels and vault maps discovered:
D:1:      heliophobic_arrival_enchanted_forest, layout_basic, serial_shops,
          shop, serial_park_tiny_2, st_stairs_1
D:2:      layout_loops_corners, uniq_crazy_yiuf_cottage
D:3:      layout_basic
D:4:      layout_loops_ring, minmay_fire_ice_demons, uniq_robin, uniq_edmund,
          uniq_eustachio
D:5:      layout_basic, lemuel_old_faithful, uniq_grinder, uniq_sigmund,
          uniq_blork_the_orc
D:6:      cheibrodos_steamvent, layout_basic, temple_statues, serial_shops,
          nicolae_take_the_stairs, serial_aquarium, aquarium_bridge_square
          [aquarium_subvault_window, aquarium_subvault_bridge,
          aquarium_subvault_bridge, aquarium_subvault_bridge],
          aquarium_bridge_straight [aquarium_subvault_bridge,
          aquarium_subvault_wall, aquarium_subvault_bridge,
          aquarium_subvault_wall], aquarium_window_1, aquarium_window_1,
          aquarium_window_1, aquarium_view_4, aquarium_view_2a, aquarium_pool_2
D:7:      minmay_bubble_buster, layout_loops_ring, uniq_duvessa
D:8:      layout_cave_pools, lair_entry_dummy,
          lightli_ossuary_entry_decrepit_ruins
D:9:      layout_basic, moated_statue, evilmike_minifort
D:10:     layout_loops_ring, mainiacjoe_overflow_alcove_4, enter_bailey_3,
          bh_circular_ruins, uniq_nergalle
D:11:     layout_layer_cave, nicolae_trove_entry_path_of_doom,
          minmay_fractal_squares_5
D:12:     minmay_the_grid_triangle_9x9_recursive_2
          [minmay_the_grid_triangle_9x9_prize_insulated,
          minmay_the_grid_triangle_9x9_semitri,
          minmay_the_grid_triangle_9x9_descending_squares,
          minmay_the_grid_triangle_9x9_longest], layout_cave_pools, erik_orc_1,
          drop_trap, guppyfry_shop_blood
D:13:     layout_rooms, gauntlet_entry_generic, minivault_13
Temple:   compressed_dpeg_circular_temple
Lair:1:   layout_long_grid
Lair:2:   layout_gridlike, enter_volcano_4, minmay_lair_oklob_chamber
Lair:3:   layout_roguey, minmay_snake_entry_six_corridors, special_room
          [special_room_bee], hellmonk_ghost_happy_afterlife,
          nzn_sisyphean_effort, serial_bayou_shore_b, uniq_sonja
Lair:4:   layout_roguey, shoals_dummy_entry, fungi_pond_lemuel, uniq_snorg
Lair:5:   statuecave_lemuel, layout_cave_shapes, slime_dummy, lemuel_fruit_tree,
          serial_bayou_shore_b, grunt_megastairs_2, infiniplex_staircase_pool_2
Lair:6:   hangedman_lair_caniforms_friends, layout_loops_ring,
          guppyfry_lair_end_dragon, minivault_23
Slime:1:  layout_caves
Orc:1:    layout_diamond_mine
Orc:2:    st_orc_rangers, layout_diamond_mine, nicolae_shop_overcharged_wands

Skill      XL: |  1  2  3  4  5  6  7  8  9 10 11 12 13 14 |
---------------+-------------------------------------------+-----
Hexes          | 4 5 6 7 8 10 11 12 | 12.9
Stealth        | 5 6 7 9 10 11 12 13 15 16 18 19 20 | 20.8
Spellcasting   | 3 5 6 7 9 10 11 12 13 | 13.6
Short Blades   | 2 3 4 5 6 7 8 9 |  9.2
Dodging        | 3 4 5 6 7 8 9 10 | 10.7
Ice Magic      | 1 2 |  2.0
Throwing       | 1 2 3 |  3.0
Conjurations   | 1 2 |  2.0
Fighting       | 1 2 3 4 5 6 |  6.5
Air Magic      | 2 |  2.0
Evocations     | 1 4 5 7 |  7.7
Armour         | 2 3 |  3.6
Shields        | 2 3 |  3.6
Invocations    | 1 |  1.9
Long Blades    | |  0.4

Action                   |  1- 3 |  4- 6 |  7- 9 | 10-12 | 13-15 || total
-------------------------+-------+-------+-------+-------+-------++-------
Melee: Dagger            |    41 |    69 |   321 |   221 |   356 ||  1008
       Short sword       |       |       |       |   198 |   377 ||   575
       Falchion          |       |       |       |     6 |       ||     6
Throw: Dart              |       |     2 |       |    13 |   161 ||   176
 Cast: Corona            |     4 |     1 |       |       |       ||     5
       Ensorcelled Hiber |    13 |    16 |    41 |    75 |   272 ||   417
       Tukima's Dance    |       |       |    13 |    75 |    23 ||   111
       Confusing Touch   |       |       |    29 |    28 |    61 ||   118
       Dazzling Flash    |       |       |     1 |     9 |    19 ||    29
  Use: Scroll            |       |       |    10 |    17 |     2 ||    29
       Potion            |       |       |       |     1 |     7 ||     8
 Stab: Sleeping          |    22 |    23 |    58 |    79 |   168 ||   350
       Confused          |       |       |    20 |    22 |    46 ||    88
       Distracted        |       |       |     1 |     2 |    10 ||    13
       Invisible         |       |       |       |     3 |    14 ||    17
Armor: Robe              |     4 |    10 |    14 |       |       ||    28
       Steam dragon scal |       |       |    30 |    54 |    73 ||   157
Dodge: Dodged            |    20 |    38 |   210 |   363 |   949 ||  1580
       Rpst.: Falchion   |       |       |       |     1 |       ||     1
